 Dungeon Crawl Stone Soup version 0.24-a0-537-g2d01d4ab0a (webtiles) character file.

Game seed: 9380753946694461852

0 Gargoyl the Skirmisher (level 1, -1/19 HPs)
             Began as a Centaur Abyssal Knight on Aug 16, 2019.
             Was a Follower of Lugonu.
             Killed from afar by a hell hound (17 damage)
             ... with a blast of flame
             ... on level 1 of the Abyss.
             The game lasted 00:00:39 (218 turns).

Gargoyl the Skirmisher (Centaur Abyssal Knight)      Turns: 218, Time: 00:00:40

Health: -1/19      AC:  4    Str: 14    XL:     1   Next: 0%
Magic:  2/2        EV:  9    Int: 11    God:    Lugonu [*.....]
Gold:   9          SH:  0    Dex:  8    Spells: 0/0 levels left

rFire    . . .     SeeInvis .   a - +1 hand axe
rCold    . . .     Gourm    .   (no shield)
rNeg     . . .     Faith    .   b - +0 leather armour
rPois    .         Spirit   .   (no helmet)
rElec    .         Reflect  .   (no cloak)
rCorr    .         Harm     .   (no gloves)
MR       .....                  (no barding)
Stlth    ..........             (no amulet)
HPRegen  0.06/turn              (no ring)
MPRegen  0.08/turn              (no ring)

@: very quick
A: large, hooves 3, deformed body, speed 2, tough skin 3
a: Depart the Abyss, Renounce Religion


You were on level 1 of the Abyss.
You worshipped Lugonu.
Lugonu was aware of your devotion.
You were not hungry.

You visited 0 branches of the dungeon, and saw 0 of its levels.
You visited the Abyss 1 time.

You collected 9 gold pieces.

Inventory:

Hand Weapons
 a - a +1 hand axe (weapon)
Armour
 b - a +0 leather armour (worn)
Comestibles
 c - a ration


   Skills:
 + Level 3.0 Fighting
 + Level 1.7 Axes
 + Level 1.3 Armour
 + Level 0.6 Dodging
 + Level 2.0 Invocations


You couldn't memorise any spells.
You didn't know any spells.
Your spell library was empty.

Dungeon Overview and Level Annotations

Branches:
Dungeon (0/15)

Altars:


Innate Abilities, Weirdness & Mutations

You have hooves in place of feet.
Armour fits poorly on your strangely shaped body.
You cover ground very quickly.
You have extremely tough skin. (AC +3)


Message History

A starspawn tentacle comes into view.
Tentacles burst from the starspawn's body! 2 starspawn tentacles come into view.
A starcursed mass comes into view.
The starcursed mass shrieks in your mind.
A starcursed mass splits.
A cyan very ugly thing comes into view.
The cyan very ugly thing gurgles horribly!
Found a pair of boots.
A large abomination comes into view.
An eye of draining comes into view.
A hell hound comes into view.
The hell hound barks!
An ufetubus comes into view.
The ufetubus shouts!
A large abomination comes into view.
The hell hound breathes flames at you. The blast of flame hits you!
Ouch! That really hurt!
You die...

.## #..## ... .... ..
... .... ... #.. #..#
..# ..
.##..##..##..##..
................ ..
............... ...
#. #@.##..# ..#
##..##..##..##..##
.X....5.h..........
................... .
##....#........####..
...#.#......##.##..#
.# ##.....#......# #
# #...#...##u...##..
#.###.####..#...##.


You could see a cyan very ugly thing, a hell hound and an ufetubus.

Vanquished Creatures (others)
  4 starspawn tentacles (Abyss:1)
4 creatures vanquished.

Notes
Turn   | Place    | Note
-------+----------+-------------------------------------------
     0 | Abyss:1  | Gargoyl the Centaur Abyssal Knight began the quest for the
                  | Orb.
     0 | Abyss:1  | Reached XP level 1. HP: 19/19 MP: 2/2
    43 | Abyss:1  | Found a corrupted altar of Lugonu.
   112 | Abyss:1  | Noticed a large abomination
   119 | Abyss:1  | Noticed a daeva
   124 | Abyss:1  | Noticed a tentacled starspawn
   125 | Abyss:1  | Noticed a large abomination
   156 | Abyss:1  | Noticed a large abomination
   156 | Abyss:1  | Noticed a starcursed mass
   165 | Abyss:1  | Noticed a cyan very ugly thing
   170 | Abyss:1  | Noticed a large abomination
   177 | Abyss:1  | Noticed an eye of draining
   210 | Abyss:1  | Noticed a hell hound
   217 | Abyss:1  | Noticed a large abomination
   218 | Abyss:1  | Killed from afar by a hell hound

Levels and vault maps discovered:
Abyss:1

Table legend:
 A = Non-vault XP
 B = Vault XP
 C = Vault XP percentage of total XP
 D = Non-vault monster count
 E = Vault monster count
 F = Vault count percentage of total count
                 A         B        C        D         E       F
            +---------+---------+-------+---------+---------+-------
      Total |       0 |       0 |   N/A |       0 |       0 |  -nan
            +---------+---------+-------+---------+---------+-------
            +---------+---------+-------+---------+---------+-------
